 Dungeon Crawl Stone Soup version 0.25-a0-489-g9ae84a01e3 (webtiles) character file.

Game seed: 1917507596721054762, levelgen mode: deterministic

0 Gargoyl the Skirmisher (level 1, -34/19 HPs)
             Began as a Centaur Abyssal Knight on Feb 11, 2020.
             Was a Follower of Lugonu.
             Killed from afar by a lich (45 damage)
             ... with a bolt of fire
             ... on level 1 of the Abyss.
             The game lasted 00:00:38 (232 turns).

Gargoyl the Skirmisher (Centaur Abyssal Knight)      Turns: 232, Time: 00:00:38

Health: -34/19     AC:  5    Str: 14      XL:     1   Next: 0%
Magic:  2/2        EV:  8    Int: 10 (11) God:    Lugonu [*.....]
Gold:   24         SH:  0    Dex:  8      Spells: 0/0 levels left

rFire    . . .     SeeInvis .   a - +1 hand axe
rCold    . . .     Gourm    .   (no shield)
rNeg     . . .     Faith    .   d - +0 ring mail
rPois    .         Spirit   .   (no helmet)
rElec    .         Reflect  .   (no cloak)
rCorr    .         Harm     .   (no gloves)
MR       .....                  (no barding)
Stlth    ..........             (no amulet)
HPRegen  0.06/turn              (no ring)
MPRegen  0.08/turn              (no ring)

@: very quick
A: large, hooves 3, deformed body, speed 2, tough skin 3
a: Depart the Abyss, Renounce Religion


You were on level 1 of the Abyss.
You worshipped Lugonu.
Lugonu was aware of your devotion.
You were not hungry.

You visited 0 branches of the dungeon, and saw 0 of its levels.
You visited the Abyss 1 time.

You collected 24 gold pieces.

Inventory:

Hand Weapons
 a - a +1 hand axe (weapon)
Armour
 b - a +0 leather armour
 d - a +0 ring mail (worn)
Comestibles
 c - 2 rations


   Skills:
 + Level 3.0 Fighting
 + Level 1.7 Axes
 + Level 1.3 Armour
 + Level 0.6 Dodging
 + Level 2.0 Invocations


You couldn't memorise any spells.
You didn't know any spells.
Your spell library was empty.

Dungeon Overview and Level Annotations

Branches:
Dungeon (0/15)

Altars:


Innate Abilities, Weirdness & Mutations

You have hooves in place of feet.
Armour fits poorly on your strangely shaped body.
You cover ground very quickly.
You have extremely tough skin. (AC +3)


Message History

Deactivating autopickup; reactivate with Ctrl-A.
You hear some strange, mumbled words.
A tentacled starspawn comes into view.
Found 13 gold pieces.
A tentacle flies out from the starspawn's body!
A starspawn tentacle comes into view.
You hit the starspawn tentacle but do no damage.
You kick the starspawn tentacle.
The starspawn tentacle is lightly damaged.
Unknown command.
The lich touches you!
A large abomination comes into view.
Found a lumpy black potion.
A small abomination comes into view.
A tentacle flies out from the starspawn's body!
A starspawn tentacle comes into view.
The lich gestures at you while chanting.
The bolt of fire hits you!!!
Ouch! That really hurt!
You die...

.#..x....#. .#.
#.ΛX..##.# X
#..X##.#.#..
#/###w#..#.# #.
── #....#..# ..#
#..
###.#.$###.....
#........#.###..#
.. #.. ##.L.....#
#.## ##.#@#.## .
#......#
#.###...... #..
##..#.#.. ..# ##.
.. .! ## ##


You could see a tentacled starspawn, a lich, a large abomination and a starspawn
tentacle.

Vanquished Creatures (others)
  A starspawn tentacle (Abyss:1)
1 creature vanquished.

Notes
Turn   | Place    | Note
-------+----------+-------------------------------------------
     0 | Abyss:1  | Gargoyl the Centaur Abyssal Knight began the quest for the
                  | Orb.
     0 | Abyss:1  | Reached XP level 1. HP: 19/19 MP: 2/2
    41 | Abyss:1  | Found a corrupted altar of Lugonu.
    81 | Abyss:1  | Noticed a large abomination
   108 | Abyss:1  | Noticed a neqoxec
   149 | Abyss:1  | Noticed a small abomination
   176 | Abyss:1  | Noticed an ice devil
   187 | Abyss:1  | Noticed a lich
   218 | Abyss:1  | Noticed a small abomination
   218 | Abyss:1  | Noticed a large abomination
   221 | Abyss:1  | Noticed a tentacled starspawn
   229 | Abyss:1  | Noticed a large abomination
   231 | Abyss:1  | Noticed a small abomination
   232 | Abyss:1  | Killed from afar by a lich

Levels and vault maps discovered:
Abyss:1:  lemuel_flamethrower_2, due_exit_kobolds

Action                   || total
-------------------------++-------
Melee: Hand axe          ||     1
       Kick              ||     1

Table legend:
 A = Non-vault XP
 B = Vault XP
 C = Vault XP percentage of total XP
 D = Non-vault monster count
 E = Vault monster count
 F = Vault count percentage of total count
                 A         B        C        D         E       F
            +---------+---------+-------+---------+---------+-------
      Total |       0 |       0 |   N/A |       0 |       0 |  -nan
            +---------+---------+-------+---------+---------+-------
            +---------+---------+-------+---------+---------+-------
